 Dungeon Crawl Stone Soup version 0.21.1-1-g345015fe64 (webtiles) character file.

7659 advs0220 the Carver (level 10, -1/80 HPs)
             Began as a Demonspawn Berserker on July 27, 2018.
             Was a High Priest of Trog.
             Succumbed to Sonja's poison
             ... on level 1 of the Lair of Beasts.
             The game lasted 01:01:23 (7841 turns).

advs0220 the Carver (Demonspawn Berserker)          Turns: 7841, Time: 01:01:23

Health: -1/80      AC: 21    Str: 25    XL:     10   Next: 99%
Magic:  10/10      EV: 11    Int:  9    God:    Trog [*****.]
Gold:   427        SH:  0    Dex: 17    Spells: 9/9 levels left

rFire    . . .     SeeInvis .   w - +1 long sword (protect)
rCold    . . .     Gourm    .   (no shield)
rNeg     . . .     Faith    .   u - +4 chain mail "Vureethi" {Dex+4}
rPois    .         Spirit   .   (no helmet)
rElec    .         Reflect  .   (no cloak)
rCorr    .         Harm     .   (gloves unavailable)
MR       .....                  C - +1 pair of boots
Stlth    ..........             (no amulet)
HPRegen  0.23/turn              D - +5 ring of strength
MPRegen  0.12/turn              l - +2 ring of protection

@: lethally poisoned (-1 -> -10), berserk cooldown, slowed, very slow
A: claws 3, yellow scales 1, demonic guardian 2, powered by death 1
a: Berserk, Trog's Hand, Brothers in Arms, Burn Spellbooks, Renounce Religion


You were on level 1 of the Lair of Beasts.
You worshipped Trog.
Trog was extremely pleased with you.
You were not hungry.

You visited 3 branches of the dungeon, and saw 10 of its levels.

You collected 427 gold pieces.

Inventory:

Hand Weapons
 a - a +0 great sword
 p - a +0 flail
 w - a +1 long sword of protection (weapon)
 E - a +4 battleaxe of freezing
Armour
 g - a +1 hat
 j - a +0 pair of gloves
 k - a +0 pair of boots
 u - the +4 chain mail "Vureethi" (worn) {Dex+4}
   (You found it on level 4 of the Dungeon)

   It affects your dexterity (+4).
 C - a +1 pair of boots (worn)
 I - a +3 chain mail
Jewellery
 d - an uncursed ring of positive energy
 l - a +2 ring of protection (right claw)
 y - a +3 ring of evasion
 D - a +5 ring of strength (left claw)
Scrolls
 m - 6 scrolls of enchant armour
 o - a scroll of fog {unknown}
 t - 6 scrolls of teleportation
 z - a scroll of identify
 A - a scroll of fear
 F - a scroll of immolation {unknown}
 G - 2 scrolls of magic mapping {unknown}
 H - a scroll of remove curse {unknown}
Potions
 b - a potion of flight {unknown}
 e - a potion of haste {unknown}
 f - 2 potions of degeneration {unknown}
 i - a potion of agility {unknown}
 n - 2 potions of might
 q - 4 potions of heal wounds {unknown}
 r - a potion of ambrosia {unknown}
 s - 2 potions of lignification {unknown}
 x - a potion of magic
 B - a potion of cancellation {unknown}
Comestibles
 c - 8 rations


   Skills:
 + Level 8.2 Fighting
 + Level 10.5 Long Blades
 + Level 3.5 Axes
 + Level 7.5 Armour
 + Level 4.7 Dodging
 + Level 1.4 Stealth


You had 9 spell levels left.
You didn't know any spells.

Dungeon Overview and Level Annotations

Branches:
Dungeon (8/15)             Temple (1/1) D:6            Lair (1/6) D:8

Altars:
Ashenzari
Cheibriados
Dithmenos
Elyvilon
Fedhas
Gozag
Hepliaklqana
Kikubaaqudgha
Makhleb
Nemelex Xobeh
Okawaru
Qazlal
Ru
Sif Muna
Trog
Uskayaw
Vehumet
Wu Jian
Xom
Yredelemnul
Zin
The Shining One
Lugonu

Shops:
D:5 }

Annotations:
D:7 1 transporter


Innate Abilities, Weirdness & Mutations

You have claws for hands.
You are partially covered in yellow scales. (AC +2)
A demonic guardian rushes to your aid.
You regenerate a little health from kills.


Message History

* * * LOW HITPOINT WARNING * * *
You feel sick.
The spriggan rider barely misses your soul eater.
Your soul eater barely misses the spriggan rider.
* * * LOW HITPOINT WARNING * * *
You feel sick.
The spriggan rider barely misses your soul eater.
You see here a wolf corpse.
You feel your anger nearly subside.
* * * LOW HITPOINT WARNING * * *
You feel sick.
Your soul eater closely misses the spriggan rider.
You see here a wolf corpse.
You are too berserk!
You are no longer berserk.
You are exhausted.
You feel yourself slow down.
Something hits your soul eater but does no damage.
You hear the brisk ticking of a very distant clock.
You die...

#..... #....
#..)# . ..
#..(####....
... #..†.iY..♣
....
#.†3#####...
[...##.3††#
........†[#
.......@†.##
...........#
....#.#...##
.....##...##
.........<.#
............#
...........P≈#
#...##.#.$≈≈≈#
... ###.≈≈≈.#


You could see a friendly soul eater and a friendly sixfirhy.

Vanquished Creatures
  Sigmund (D:2)
  4 yaks
  A water moccasin (D:4)
  A sky beast (D:6)
  14 wolves (Lair:1)
  A phantom (D:5)
  A bullfrog (D:6)
  A scorpion (D:6)
  2 killer bees (D:8)
  15 wights
  2 howler monkeys
  10 crimson imps
  A bullfrog zombie (D:7)
  2 jellies (D:7)
  2 quasits (D:8)
  3 hounds
  6 orc wizards
  An iguana (D:4)
  4 worker ants
  A mummy (D:4)
  3 gnolls (D:7)
  3 adders
  2 shadow imps
  3 white imps (D:8)
  An ooze (D:3)
  A worm (D:3)
  4 dart slugs
  3 leopard geckos
  24 orcs
  A ball python (D:7)
  3 bats
  3 giant cockroaches
  3 goblins
  4 hobgoblins
  3 kobolds
  A quokka (D:3)
  7 frilled lizards
  A hobgoblin zombie (D:4)
  A kobold zombie (D:4)
  5 rats
149 creatures vanquished.

Vanquished Creatures (collateral kills)
  Gastronok (D:8)
  Sonja (Lair:1)
  The ghost of strelocc the Reanimator, a novice GnNe of Ashenzari (D:8)
  A manticore (D:6)
  The ghost of Atelerd the Conjurer, a novice OpCj (D:5)
  3 hippogriffs
  5 yaks
  2 basilisks (D:8)
  3 ogres
  9 wolves (Lair:1)
  A centaur (D:6)
  A crocodile (Lair:1)
  4 killer bees (D:8)
  2 howler monkeys
  A hound (D:4)
  A jelly (D:8)
  A bullfrog skeleton (D:6)
  A worker ant (D:8)
  An adder (D:4)
  An orc (D:4)
  A quokka (D:8)
  A jackal skeleton (D:6)
43 creatures vanquished.

Grand Total: 192 creatures vanquished

Notes
Turn   | Place    | Note
-------+----------+-------------------------------------------
     0 | D:1      | advs0220 the Demonspawn Berserker began the quest for the Orb.
     0 | D:1      | Reached XP level 1. HP: 18/18 MP: 1/1
   281 | D:2      | Reached skill level 3 in Long Blades
   281 | D:2      | Gained mutation: You have sharp fingernails. [demonic ancestry]
   281 | D:2      | Reached XP level 2. HP: 24/24 MP: 2/2
   375 | D:2      | Found a bloodstained altar of Trog.
   387 | D:2      | Noticed Sigmund
   393 | D:2      | Killed Sigmund
   393 | D:2      | Reached skill level 4 in Long Blades
   393 | D:2      | Gained mutation: You have very sharp fingernails. [demonic ancestry]
   393 | D:2      | Reached XP level 3. HP: 19/30 MP: 3/3
   393 | D:2      | Reached XP level 4. HP: 23/37 MP: 4/4
   393 | D:2      | Gained mutation: You regenerate a little health from kills. [demonic ancestry]
   393 | D:2      | Reached XP level 5. HP: 26/42 MP: 5/5
   464 | D:2      | Found a blossoming altar of Fedhas.
   469 | D:2      | Found an ancient bone altar of Kikubaaqudgha.
   558 | D:2      | Found a radiant altar of Vehumet.
   620 | D:2      | Found a faded altar of an unknown god.
   664 | D:2      | Found a shattered altar of Ashenzari.
  1342 | D:3      | Reached ** piety under Trog
  1754 | D:4      | Found a sand-covered staircase.
  1764 | D:4      | Gained mutation: A weak demonic guardian rushes to your aid. [demonic ancestry]
  1764 | D:4      | Reached XP level 6. HP: 40/49 MP: 6/6
  2273 | D:4      | Reached skill level 1 in Axes
  2642 | D:4      | Got a scorched chain mail
  2653 | D:4      | Identified the +4 chain mail "Vureethi" {Dex+4} (You found it on level 4 of the Dungeon)
  3224 | D:4      | Noticed a water moccasin
  3233 | D:4      | Killed a water moccasin
  3233 | D:4      | Gained mutation: A demonic guardian rushes to your aid. [demonic ancestry]
  3233 | D:4      | Reached XP level 7. HP: 55/55 MP: 7/7
  3339 | D:5      | Entered Level 5 of the Dungeon
  3528 | D:5      | Found Gukkef's Gadget Shop.
  3587 | D:5      | Found a sacrificial altar of Ru.
  3666 | D:5      | Noticed Atelerd's ghost (novice OpCj)
  3676 | D:5      | Killed Atelerd's ghost
  4042 | D:6      | Reached skill level 5 in Fighting
  4061 | D:6      | Reached skill level 5 in Long Blades
  4209 | D:6      | Reached XP level 8. HP: 58/62 MP: 8/8
  4219 | D:6      | Found a staircase to the Ecumenical Temple.
  4229 | Temple   | Entered the Ecumenical Temple
  4451 | D:6      | Reached *** piety under Trog
  4638 | D:6      | Noticed a manticore
  4650 | D:6      | Killed a manticore
  4650 | D:6      | Reached skill level 5 in Armour
  4650 | D:6      | Reached skill level 1 in Stealth
  4722 | D:6      | Reached skill level 6 in Long Blades
  4908 | D:6      | Found a shimmering altar of Xom.
  5007 | D:6      | Found an iron altar of Okawaru.
  5788 | D:7      | Gained mutation: You are partially covered in yellow scales. (AC +2) [demonic ancestry]
  5788 | D:7      | Reached XP level 9. HP: 69/69 MP: 9/9
  5823 | D:7      | Reached skill level 7 in Long Blades
  5930 | D:7      | Found a corrupted altar of Lugonu.
  5964 | D:7      | Reached **** piety under Trog
  5981 | D:7      | Found a transporter.
  6593 | D:8      | Noticed strelocc's ghost (novice GnNe)
  6600 | D:8      | Killed strelocc's ghost
  6600 | D:8      | Reached skill level 8 in Long Blades
  6702 | D:8      | Found a glowing silver altar of Zin.
  6702 | D:8      | Found a burning altar of Makhleb.
  6702 | D:8      | Found a shimmering altar of Xom.
  6828 | D:8      | Found a glowing golden altar of the Shining One.
  6920 | D:8      | Found a staircase to the Lair.
  6943 | D:8      | Gained mutation: You have claws for hands. [demonic ancestry]
  6943 | D:8      | Reached XP level 10. HP: 66/79 MP: 10/10
  6986 | D:8      | Noticed Gastronok
  7005 | D:8      | Killed Gastronok
  7005 | D:8      | Reached skill level 9 in Long Blades
  7208 | D:8      | Found an opulent altar of Gozag.
  7731 | Lair:1   | Entered Level 1 of the Lair of Beasts
  7778 | Lair:1   | Reached skill level 10 in Long Blades
  7785 | Lair:1   | Reached ***** piety under Trog
  7806 | Lair:1   | Noticed Sonja
  7807 | Lair:1   | Noticed a spriggan rider
  7831 | Lair:1   | Killed Sonja
  7835 | Lair:1   | HP: 3/80 [spriggan rider/spear (12)]
  7839 | Lair:1   | HP: 1/120 [poisoned by Sonja]
  7841 | Lair:1   | Succumbed to Sonja's poison

Skill      XL: |  1  2  3  4  5  6  7  8  9 10 |
---------------+-------------------------------+-----
Long Blades    | 3 4 5 6 8 10 | 10.5
Fighting       | 4 5 7 8 |  8.2
Armour         | 2 3 4 5 6 7 |  7.5
Dodging        | 2 3 4 |  4.7
Axes           | 2 3 |  3.5
Stealth        | 1 |  1.4

Action                   |  1- 3 |  4- 6 |  7- 9 | 10-12 || total
-------------------------+-------+-------+-------+-------++-------
Melee: Falchion          |    34 |   100 |       |       ||   134
       Hand axe          |       |   120 |       |       ||   120
       Long sword        |       |     7 |   344 |   145 ||   496
  Use: Potion            |     3 |     2 |       |     1 ||     6
       Scroll            |     3 |     3 |       |       ||     6
 Stab: Distracted        |       |       |     1 |       ||     1
  Eat: Chunk             |       |     2 |     1 |       ||     3
       Ration            |       |     2 |     3 |     1 ||     6
Armor: Animal skin       |     1 |       |       |       ||     1
       Plate armour      |    16 |   106 |       |       ||   122
       Chain mail        |       |    29 |   279 |   131 ||   439
Dodge: Dodged            |    26 |    81 |   244 |   176 ||   527
       Rpst.: Falchion   |     6 |     7 |       |       ||    13
       Long sword        |       |       |    77 |    62 ||   139
